 Dungeon Crawl Stone Soup version 0.22-a0-292-g0df9d5f (webtiles) character file.

10 Amnesiac the Gusty (level 2, 0/15 HPs)
             Began as a Tengu Air Elementalist on Mar 23, 2018.
             Slain by a crimson imp (4 damage)
             ... summoned by Natasha
             ... on level 3 of the Dungeon.
             The game lasted 00:00:55 (347 turns).

Amnesiac the Gusty (Tengu Air Elementalist)          Turns: 347, Time: 00:00:56

Health: 0/15       AC:  2    Str:  8    XL:     2   Next: 20%
Magic:  1/6        EV: 12    Int: 15    God:
Gold:   11         SH:  0    Dex: 14    Spells: 4/5 levels left

rFire    . . .     SeeInvis .   (no weapon)
rCold    . . .     Gourm    .   (no shield)
rNeg     . . .     Faith    .   a - +0 robe
rPois    .         Spirit   .   (helmet restricted)
rElec    .         Reflect  .   (no cloak)
rCorr    .         Harm     .   (no gloves)
MR       .....                  (boots unavailable)
Stlth    ++........             (no amulet)
HPRegen  0.05/turn              (no ring)
MPRegen  0.10/turn              (no ring)

@: no status effects
A: beak, talons 3
a: no special abilities


You were on level 3 of the Dungeon.
You were not hungry.

You visited 1 branch of the dungeon, and saw 3 of its levels.

You collected 11 gold pieces.

Inventory:

Armour
 a - a +0 robe (worn)
Scrolls
 b - a scroll of identify {!r, unknown}
 d - a scroll of amnesia {!r, unknown}
 e - a scroll of teleportation {!r, unknown}
Comestibles
 c - a ration
 f - a chunk of flesh


   Skills:
 - Level 2.1 Dodging
 - Level 2.0 Stealth
 + Level 2.2 Spellcasting
 - Level 1.3 Conjurations
 * Level 4.6 Air Magic


You had 4 spell levels left.
You knew the following spells:

 Your Spells              Type           Power        Failure   Level  Hunger
a - Shock                 Conj/Air       ##..         6%          1    #......


Dungeon Overview and Level Annotations

Branches:
Dungeon (3/15)

Altars:

Annotations:
D:3 Ijyb, Natasha


Innate Abilities, Weirdness & Mutations

You have a beak for a mouth.
You have claws for feet.


Message History

The zap hits Natasha.
Natasha is severely wounded.
Natasha drinks a potion.
Natasha is healed!
Casting: Shock (safe; 6% risk of failure)
Confirm with . or Enter, or press ? or * to list all spells.
Aiming: Shock (safe; 6% risk of failure)
Press: ? - help, Shift-Dir - straight line The zap hits Natasha.
Natasha is lightly wounded.
The zap hits Natasha.
Natasha is moderately wounded.
Natasha closely misses you. Natasha barely misses you.
Casting: Shock (safe; 6% risk of failure)
Confirm with . or Enter, or press ? or * to list all spells.
Aiming: Shock (safe; 6% risk of failure)
Press: ? - help, Shift-Dir - straight line The zap hits Natasha.
Natasha is moderately wounded.
The zap hits Natasha.
Natasha is heavily wounded.
Natasha claws you.
Casting: Shock (safe; 6% risk of failure)
Confirm with . or Enter, or press ? or * to list all spells.
Aiming: Shock (safe; 6% risk of failure)
Press: ? - help, Shift-Dir - straight line The zap misses Natasha.
The zap hits Natasha.
Natasha is heavily wounded.
Natasha claws you. x2
* * * LOW HITPOINT WARNING * * *
Casting: Shock (safe; 6% risk of failure)
Confirm with . or Enter, or press ? or * to list all spells.
Aiming: Shock (safe; 6% risk of failure)
Press: ? - help, Shift-Dir - straight line The zap hits Natasha.
Natasha is severely wounded.
The zap hits Natasha.
Natasha is severely wounded.
Natasha claws you but does no damage.
You aren't carrying any potions.
Natasha stares at you and mumbles some strange words.
You resist with significant effort.
Casting: Shock (safe; 6% risk of failure)
Confirm with . or Enter, or press ? or * to list all spells.
Aiming: Shock (safe; 6% risk of failure)
Press: ? - help, Shift-Dir - straight line The zap hits Natasha.
Natasha is almost dead.
Natasha howls an incantation.
You feel troubled.
Natasha casts a spell.
Natasha mumbles some strange words.
Unknown command.
Natasha mumbles some strange words.
You feel yourself speed up.
Found a stone staircase leading down.
The crimson imp blinks!
The iron imp barely misses you.
The crimson imp grinds its teeth.
Natasha claws you.
* * * LOW HITPOINT WARNING * * *
Ijyb the Twisted Goblin comes into view.
She is wielding a club.
The crimson imp blinks!
Ijyb shouts!
The crimson imp shouts, "Crawl home, thou artless milk-livered mammet!"
The crimson imp hits you.
You die...

#. ##...##
#.###.##.....###
#.........5....#
...##...##.###.####.#
#...##..........#
#......###.######
##.5##.# #.#
#.###h5##.###.#
#.g....@......#
#########.#####
###.###### #........#
#.#.####.# #.#.## #.#
..#.(..###.#####.#
.............<...#
....#....###.#####.#


You could see Ijyb, an iron imp, Natasha and a crimson imp.

Vanquished Creatures
  An ooze (D:3)
  2 bats
  A goblin (D:1)
  A hobgoblin (D:1)
5 creatures vanquished.

Notes
Turn   | Place    | Note
-------+----------+-------------------------------------------
     0 | D:1      | Amnesiac the Tengu Air Elementalist began the quest for the Orb.
     0 | D:1      | Reached XP level 1. HP: 10/10 MP: 4/4
   222 | D:3      | Reached XP level 2. HP: 15/15 MP: 0/6
   323 | D:3      | Noticed Natasha
   340 | D:3      | Noticed a crimson imp
   341 | D:3      | Noticed a crimson imp
   345 | D:3      | Noticed Ijyb
   347 | D:3      | Slain by a crimson imp

Vault maps used:
D:1:      scummos_arrival_simple_fountains, minmay_misc_feat_pillars,
          serial_bayou_pond_c
D:2:      marbit_many_paths
D:3:      trog_eyes_of_draining, uniq_ijyb, uniq_natasha

Action                   || total
-------------------------++-------
Melee: Unarmed           ||     3
       Kick              ||     1
 Cast: Shock             ||    25
 Stab: Sleeping          ||     1
Armor: Robe              ||     3
Dodge: Dodged            ||     9

Table legend:
 A = Spawn XP
 B = Non-spawn XP
 C = Spawn XP percentage of total XP
 D = Spawn monster count
 E = Non-spawn monster count
 F = Spawn count percentage of total count
 G = Total turns spent on level
                    A         B        C        D         E        F      G
               +---------+---------+-------+---------+---------+-------+---------
         Total |       0 |      15 |   0.0 |       0 |       5 |   0.0 |   347
               +---------+---------+-------+---------+---------+-------+---------
           D:1 |       0 |       6 |   0.0 |       0 |       3 |   0.0 |   135
           D:3 |       0 |       9 |   0.0 |       0 |       2 |   0.0 |   145
               +---------+---------+-------+---------+---------+-------+---------
